 Dungeon Crawl Stone Soup version 0.28-a0-1510-gd0f6b136d3 (webtiles) character file.

Game seed: 1445969688304933602

11320 wakim the Cruncher (level 11, -11/95 HPs)
             Began as a Palentonga Fighter on Jan 15, 2022.
             Was an Initiate of Yredelemnul.
             Mangled by a large abomination (15 damage)
             ... on level 2 of the Abyss.
             The game lasted 00:35:26 (13075 turns).

wakim the Cruncher (Palentonga Fighter)            Turns: 13075, Time: 00:35:26

Health: -11/95     AC: 29    Str: 27    XL:     11   Next: 47%
Magic:  17/17      EV:  3    Int:  9    God:    Yredelemnul [......]
Gold:   563        SH:  0    Dex: 12    Spells: 10/10 levels left

rFire   . . .      SeeInvis +   a - +3 quarterstaff (spect)
rCold   . . .      Faith    .   (shield currently unavailable)
rNeg    . . .      Spirit   .   A - +0 plate armour
rPois   .          Reflect  .   C - +2 helmet
rElec   .          Harm     .   w - +0 cloak
rCorr   .          Rampage  .   (no gloves)
Will    +....                   y - +1 barding
Stlth   ..........              (no amulet)
HPRegen 0.25/turn               X - +6 ring of strength
MPRegen 0.15/turn               l - ring of willpower

@: studying Shields, curled up
A: large, rugged brown scales 3, see invisible, deformed body, roll 1, armoured
tail, reflexive curl
a: Rolling Charge, Renounce Religion, Recall Undead Harvest


You were on level 2 of the Abyss.
You worshipped Yredelemnul.
Yredelemnul was aware of your devotion.
You visited 2 branches of the dungeon, and saw 12 of its levels.
You visited the Abyss 1 time.

You collected 563 gold pieces.

Inventory:

Hand Weapons
 a - a +3 spectral quarterstaff (weapon)
 b - a +0 shortbow
 p - a +3 war axe of venom
 P - a +0 morningstar
Missiles
 k - 239 arrows
 s - 4 throwing nets {=f!f}
 E - a curare-tipped dart {=f}
 W - 19 poisoned darts
Armour
 q - a +0 kite shield
 u - a +0 kite shield
 w - a +0 cloak (worn)
 y - a +1 barding (worn)
 A - a +0 plate armour (worn)
 C - a +2 helmet (worn)
Jewellery
 l - a ring of willpower (right hand)
 S - a ring of protection from fire
 X - a +6 ring of strength (left hand)
Wands
 o - a wand of iceblast (22)
 t - a wand of digging (14)
 v - a wand of flame (3)
 x - a wand of charming (6)
 I - a wand of polymorph (5)
Scrolls
 n - a scroll of amnesia {unknown}
 r - a scroll of identify
 Q - 2 scrolls of immolation {!r!r}
 R - 3 scrolls of magic mapping {!r}
 T - 6 scrolls of teleportation
 U - a scroll of fear
 V - a scroll of brand weapon
 Y - a scroll of blinking {!r}
 Z - a scroll of enchant weapon
Potions
 m - a potion of ambrosia {unknown}
 B - 6 potions of attraction {!q}
 D - a potion of brilliance
 F - 4 potions of curing
 G - 2 potions of flight
 H - a potion of haste
 K - a potion of magic
 L - 4 potions of lignification {!q}
 M - 2 potions of mutation {!q}
 N - 4 potions of might
 O - a potion of resistance
Miscellaneous
 z - a box of beasts


   Skills:
 + Level 9.0 Fighting
 - Level 7.5(9.5) Maces & Flails
 * Level 9.1(10.3) Staves
 + Level 7.6 Armour
 - Level 2.4 Shields
 + Level 8.3 Invocations


You had 10 spell levels left.
You didn't know any spells.
Your spell library contained the following spells:

 Spells                   Type           Power      Damage    Failure   Level
 Slow                     Hex            0%         N/A       99%         1
 Corpse Rot               Necr/Air       0%         N/A       99%         2
 Static Discharge         Conj/Air       0%         N/A       99%         2
 Confusing Touch          Hex            0%         N/A       100%        3
 Conjure Flame            Conj/Fire      0%         6-21      100%        3
 Frozen Ramparts          Ice            0%         1d2       100%        3
 Ignite Poison            Fire/Tmut/Pois 0%         N/A       100%        3
 Summon Guardian Golem    Hex/Summ       0%         N/A       100%        3
 Tukima's Dance           Hex            0%         N/A       100%        3
 Dispel Undead            Necr           0%         3d6       100%        4
 Ice Form                 Ice/Tmut       0%         N/A       100%        4
 Sticky Flame             Conj/Fire      0%         2d3       100%        4
 Summon Ice Beast         Ice/Summ       0%         N/A       100%        4
 Lightning Bolt           Conj/Air       0%         1d11      100%        5
 Maxwell's Capacitive Co  Air            0%         ∞         100%        8
 Death Channel            Necr           Unusable   N/A       N/A         6

Dungeon Overview and Level Annotations

Branches:
Dungeon (11/15)            Temple (1/1) D:4            Lair (0/6) D:8
    Orc (0/2) D:10

Altars:
Ashenzari
Cheibriados
Dithmenos
Elyvilon
Fedhas
Gozag
Hepliaklqana
Kikubaaqudgha
Makhleb
Nemelex Xobeh
Okawaru
Qazlal
Ru
Sif Muna
Trog
Uskayaw
Vehumet
Wu Jian
Xom
Yredelemnul
Zin
The Shining One

Shops:
D:8 [   D:11 ![

Annotations:
D:11 Erolcha


Innate Abilities, Weirdness & Mutations

You are completely covered in rugged brown scales. (AC +3, +7% HP)
You have supernaturally acute eyesight. (SInv)
Armour fits poorly on your strangely shaped body.
You can roll at nearby foes to attack.
You have a long armoured tail.
You curl defensively after being hit. (AC +7*)


Message History

A starcursed mass splits.
A starcursed mass splits.
A starcursed mass splits.
The large abomination hits you but does no damage.
The large abomination hits you. The large abomination hits you!
The large abomination hits you!!
* * * LOW HITPOINT WARNING * * *
As you read the scroll of teleportation, it crumbles to dust.
You feel strangely unstable.
You feel the power of the Abyss delaying your translocation!
The large abomination hits you!!
* * * LOW HITPOINT WARNING * * *
The large abomination hits you but does no damage.
You are suddenly pulled into a different region of the Abyss!
You start resting.
A tentacled starspawn comes into view.
The jelly quivers.
Okay, then.
A large abomination comes into view.
You bludgeon the large abomination!!
The large abomination is moderately damaged.
You barely miss the large abomination. You tail-slap the large abomination.
The large abomination is heavily damaged.
The large abomination hits you!!
* * * LOW HITPOINT WARNING * * *
You feel much better.
The large abomination hits you but does no damage.
You hit the large abomination.
You tail-slap the large abomination, but do no damage.
The large abomination is severely damaged.
You thump the large abomination!
The large abomination is almost destroyed.
The large abomination hits you!!
* * * LOW HITPOINT WARNING * * *
You hit the large abomination. You tail-slap the large abomination.
The large abomination is almost destroyed.
The large abomination hits you!
You die...
Your body rises from the dead as a mindless zombie.

..#.#.#.. ##
#.# .#.. .#
###....#.. #.#
..#...#.
#.#.#.#.## #.
#.###..#..## ##
#..##..## .
#...##.###...#.
#.....@# #...#
#...###X..####
..#.. ........
..#..# #.#..#..
....#. ....# #
# ## .# .# #. .
. ..


You could see a large abomination.

Vanquished Creatures
  Harold (D:11)
  A tengu warrior (D:11)
  Pikel (D:8)
  An unseen horror (D:11)
  A komodo dragon (D:11)
  A tengu conjurer (D:11)
  A hornet (D:9)
  Grinder (D:6)
  A troll (D:7)
  4 yaks (D:10)
  A shadow (D:11)
  3 wraiths
  Duvessa (D:6)
  2 ice beasts
  A black bear (D:7)
  5 orc warriors
  2 sky beasts
  A necrophage (D:5)
  2 ogres
  7 centaurs
  2 kobold brigands
  A gnoll sergeant (D:11)
  3 bullfrogs
  Dowan (D:6)
  A killer bee (D:7)
  A water moccasin skeleton (D:4)
  A bullfrog zombie (D:7)
  3 centaur zombies
  7 orc priests
  6 hounds
  5 iguanas
  A scorpion zombie (D:5)
  11 orc wizards
  A killer bee zombie (D:6)
  13 gnolls
  A howler monkey zombie (D:6)
  A howler monkey skeleton (D:4)
  8 adders
  2 shadow imps (D:7)
  A white imp (D:3)
  2 ufetubi
  An adder skeleton (D:4)
  A worm (D:2)
  6 dart slugs
  41 orcs
  6 ball pythons
  9 bats
  4 endoplasms
  6 giant cockroaches
  9 goblins
  9 hobgoblins
  A quokka (D:2)
  A frilled lizard (D:2)
  13 kobolds
  8 rats
225 creatures vanquished.

Vanquished Creatures (collateral kills)
  Erica (D:9)
  Urug (D:11)
  A tengu warrior (D:10)
  A kobold demonologist (D:9)
  2 trolls (D:9)
  A yak (D:10)
  A water moccasin (D:7)
  2 centaurs
  A gnoll sergeant (D:6)
  An adder (D:6)
  3 kobolds
15 creatures vanquished.

Vanquished Creatures (others)
  A tengu zombie (D:11)
  4 centaur zombies
  A bullfrog zombie (D:9)
  An ogre zombie (D:6)
  A hound zombie (D:7)
  10 orc zombies
  A spectral shadow imp (D:7)
  4 kobold zombies
  A withered plant (D:2)
24 creatures vanquished.

Grand Total: 264 creatures vanquished

Notes
Turn   | Place    | Note
-------+----------+-------------------------------------------
     0 | D:1      | wakim the Palentonga Fighter began the quest for the Orb.
     0 | D:1      | Reached XP level 1. HP: 19/19 MP: 1/1
     2 | D:1      | Got the Guide on Curses
    88 | D:1      | Reached XP level 2. HP: 25/25 MP: 2/2
   835 | D:1      | Reached XP level 3. HP: 25/31 MP: 3/3
   938 | D:2      | Found a faded altar of an unknown god.
  1605 | D:2      | Reached XP level 4. HP: 37/37 MP: 4/4
  1773 | D:3      | !bestwep
  1937 | D:3      | !bestwep
  2179 | D:3      | Noticed a centaur
  2187 | D:3      | Killed a centaur
  2188 | D:3      | Reached XP level 5. HP: 9/44 MP: 5/5
  2714 | D:3      | !bestwep
  3215 | D:4      | Noticed an ogre
  3218 | D:3      | Killed an ogre
  3219 | D:3      | Reached XP level 6. HP: 44/51 MP: 6/6
  3222 | D:4      | Found a staircase to the Ecumenical Temple.
  3240 | Temple   | Entered the Ecumenical Temple
  3373 | Temple   | Became a worshipper of Yredelemnul the Dark
  3550 | D:4      | Noticed a sky beast
  3558 | D:4      | Killed a sky beast
  3559 | D:4      | Reached skill level 5 in Maces & Flails
  3632 | D:4      | Reached * piety under Yredelemnul
  3732 | D:4      | Gained mutation: You curl defensively after being hit. (AC
                  | +7*) [Palentonga growth]
  3732 | D:4      | Reached XP level 7. HP: 42/58 MP: 7/7
  3733 | D:4      | Reached ** piety under Yredelemnul
  4073 | D:4      | Reached skill level 1 in Invocations
  4412 | D:5      | Entered Level 5 of the Dungeon
  4619 | D:5      | Reached skill level 5 in Fighting
  5029 | D:6      | Noticed Grinder
  5033 | D:6      | Killed Grinder
  5034 | D:6      | Reached XP level 8. HP: 67/67 MP: 8/10
  5162 | D:6      | Reached *** piety under Yredelemnul
  5614 | D:6      | !bestwep
  5646 | D:6      | Noticed Dowan
  5646 | D:6      | Noticed Duvessa
  5656 | D:6      | Killed Duvessa
  5657 | D:6      | Reached skill level 5 in Armour
  5659 | D:6      | Killed Dowan
  5660 | D:6      | Reached skill level 1 in Staves
  5973 | D:6      | Reached **** piety under Yredelemnul
  6052 | D:5      | Found a snail-covered altar of Cheibriados.
  6671 | D:7      | Reached XP level 9. HP: 74/74 MP: 12/12
  6892 | D:7      | Noticed a troll
  6899 | D:7      | Killed a troll
  6900 | D:7      | Reached skill level 5 in Invocations
  6980 | D:7      | Found a bloodstained altar of Trog.
  7759 | D:8      | Noticed Pikel
  7763 | D:8      | Found Huid's Armour Boutique.
  7763 | D:8      | Killed Pikel
  7782 | D:8      | Found a staircase to the Lair.
  7989 | D:8      | Found a shadowy altar of Dithmenos.
  8150 | D:8      | !bestwep
  8814 | D:9      | Noticed a kobold demonologist
  8825 | D:9      | Killed a kobold demonologist
  8826 | D:9      | Reached skill level 5 in Staves
  8833 | D:9      | Reached XP level 10. HP: 22/84 MP: 14/14
 10339 | D:9      | Noticed Erica
 10352 | D:9      | Killed Erica
 10824 | D:10     | Entered Level 10 of the Dungeon
 11423 | D:10     | Found a staircase to the Orcish Mines.
 11424 | D:10     | Found a radiant altar of Vehumet.
 11605 | D:10     | Noticed a tengu warrior
 11613 | D:10     | Killed a tengu warrior
 11614 | D:10     | Reached XP level 11. HP: 80/93 MP: 5/16
 11709 | D:10     | Found a glowing golden altar of the Shining One.
 11909 | D:11     | !bestwep
 11913 | D:11     | Noticed Harold
 11925 | D:11     | Killed Harold
 11926 | D:11     | Found Huafucem's Antique Armour Shoppe.
 12151 | D:11     | Noticed a tengu warrior
 12167 | D:11     | Killed a tengu warrior
 12387 | D:11     | Found Botti's Distillery.
 12399 | D:11     | Noticed Urug
 12408 | D:11     | Killed Urug
 12413 | D:11     | !bestwep
 12940 | D:11     | Noticed Erolcha
 12959 | D:11     | Cast into level 2 of the Abyss (Erolcha)
 12999 | Abyss:2  | Noticed a large abomination
 13004 | Abyss:2  | Noticed a starcursed mass
 13010 | Abyss:2  | Noticed a large abomination
 13033 | Abyss:2  | Noticed a tentacled starspawn
 13071 | Abyss:2  | HP: 2/95 [large abomination (28)]
 13075 | Abyss:2  | Mangled by a large abomination

Illustrated notes ######### ........## ......... ........######### # .......<........#.##### ........#######@.$..... ......... #.#.##### ........#.#####.#....# ................#....## ......... ## #>....... ########. #<#....## .. #.# ...# ..# ### ...# Turn 1773 on D:3: !bestwep ######### ... ........## #.# ......... #.# ## ........#########.# #. .......<........#.#####. ........#######[........ ..........# #.#.#####. ........#.#####.#....### .......@.°°.....#....## ..........#####>....... ########..... #<#....### #...##.#.#....# #..... ..#.#### #....#...# #....#...# #........# .....# Turn 1937 on D:3: !bestwep ####### #.....# ######### #.....# #........ #.....# #........ #.....# ###........ #.....# .............###.....##### ................@.......># .............#.#..)..###.# ........... # #.....# #.# ...######## #.....# #.# ..## ####### #.# #.# #.# #.## #.# #..# ###### #.# ##.## ...... #.# Turn 2714 on D:3: !bestwep ##.###.###........ #.# ##Z......#########...# #.# ##..##.##.# #...# #.# #.#Z##.##.###### #...# ####.# ...Z##.........# #...# #..... ....####..[..#.####...######.#.## ................Z..........#.#.## .......#......ZZZ..........Z...## ...###.#......ZZ@ZZ........#.#### ... #.#......Z##Z#...#.####.#### ... #.#.......##.#...#.# #.Z... ### #.#.##.#.###.#...#)# ###### #......#.# #.#...#.# #... ###.####.# #.#...#.######.## ########.####.###..............## #..Z.Z.Z......#....###.#)####..## ...############.##.# #.#.####..## Turn 5614 on D:6: !bestwep

...#.........#...................
#'#..........#.....(............#
#............#..#.#.#.#.........#
#................................
#>#.............#.#.#.#..∩.......
#..........Z....................>
###.............#.#.#.#.........#
#.......Z.....)................
#....#.......)@.#.#.#..........
#....#......Z..................
#....#......................... #
#..#.#......................... #
#..#.#......................... #
#..#.#......................... #
.# #.#...$............ ........ #
#.#..$............. #
#.#............


Turn 8150 on D:8: !bestwep ########## ##### #........# #.... #........### #....
###........'.# #.... #.'........#.# #.... #@.......#.###.... #........#..##...<
#.[......##..'.... #........#####.... ##+####### ##### Turn 11909 on D:11:
!bestwep #.....+ . #.....# ##. ####'## #.#######.. #.# ##.#.....#.+# ###.#
#..#.>.∩.#.. #...# #.)#.....#.# ##+##### #.### #.)#######.# #....... ##'###
#.#)..Z...# #....... #....# ##().Z@....# ###.......
#....#.......[....###.'....... #....+.####...........#....... #....#
#.......#####....... ###'## ######### #....... ##..# #######' #..## #. #.## #.
###.# ## Turn 12413 on D:11: !bestwep

Levels and vault maps discovered:
D:1:      dpeg_arrival_round_c, layout_basic, corexii_corridor_pit, st_stairs_10
D:2:      minmay_angry_zag, layout_rooms, ebering_ecumenical_altar_petrified,
          minmay_hexomino_u4
D:3:      layout_basic, st_stairs_6
D:4:      layout_gridville, minmay_temple_entry_glass, kennysheep_boxes
D:5:      layout_loops_ring, kennysheep_slug_shrine
D:6:      layout_loops_cross, uniq_duvessa, uniq_grinder
D:7:      layout_layer_cave, nicolae_overflow_crystal_walls,
          minmay_manual_monstrance
D:8:      layout_basic, mainiacjoe_overflow_boulevard, lair_entry_dummy,
          serial_co_window_serial, co_window_corner_a, co_window_paths_a,
          co_window_corner_a, co_window_paths_a, co_window_of_opportunity_a,
          co_window_corner_b, co_window_broadway_a, co_window_paths_c,
          co_window_corner_ca, co_window_cross_3, co_window_broadway_c,
          glass_columns_c, serial_shops, shop, uniq_pikel
D:9:      layout_long_grid, uniq_erica
D:10:     layout_irregular_city, vehumet_altar_wand_db, tso_oasis_becter,
          minmay_microvault
D:11:     layout_roguey, serial_shops, nicolae_take_the_stairs,
          nicolae_shop_trees, kennysheep_diamond, uniq_erolcha, uniq_urug,
          uniq_harold
Temple:   minmay_crystal_spiral_temple
Abyss:2:  base:
D:9

Skill      XL: |  1  2  3  4  5  6  7  8  9 10 11 |
---------------+----------------------------------+-----
Maces & Flails | 3 4 5 6 7 |  7.5
Armour         | 3 4 5 6 7 |  7.6
Fighting       | 4 5 6 7 8 9 |  9.0
Invocations    | 2 4 6 7 8 |  8.3
Staves         | 2 5 7 9 |  9.1
Shields        | |  2.4

Action                   |  1- 3 |  4- 6 |  7- 9 | 10-12 || total
-------------------------+-------+-------+-------+-------++-------
Melee: Flail             |   122 |    20 |       |       ||   142
       Tailslap          |    14 |    12 |    24 |    29 ||    79
       Morningstar       |       |    47 |       |       ||    47
       Quarterstaff      |       |    36 |   177 |   159 ||   372
       Unarmed           |       |       |    13 |       ||    13
 Fire: Shortbow          |       |       |     1 |       ||     1
Invok: Recall Undead Har |       |       |     3 |     7 ||    10
       Dark Bargain      |       |       |     2 |     6 ||     8
 Abil: Rolling Charge    |    30 |    27 |    40 |    25 ||   122
  Use: Scroll            |     4 |     4 |    10 |     6 ||    24
       Potion            |       |       |     2 |     3 ||     5
 Stab: Distracted        |       |       |     2 |       ||     2
Armor: Scale mail        |    52 |    43 |       |       ||    95
       Chain mail        |       |    15 |    72 |       ||    87
       Skin              |       |       |     2 |       ||     2
       Plate armour      |       |       |       |   126 ||   126
Dodge: Dodged            |    39 |    20 |    38 |    26 ||   123
Block: Buckler           |    24 |    14 |       |       ||    38

Table legend: (Time is in decaauts)
 A = Elapsed time spent in this place.
 B = Non-inter-level travel time spent in this place.
 C = Inter-level travel time spent in this place.
 D = Time resting spent in this place.
 E = Time spent auto-exploring this place.
 F = Levels seen in this place.
 G = Mean time per level.
                   A        B        C        D        E       F      G
               +--------+--------+--------+--------+--------+-----+--------+
         Total |  13134 |  12563 |    571 |   1164 |   9218 |  13 | 1010.3 |
       Dungeon |  12789 |  12301 |    488 |   1160 |   9056 |  11 | 1162.6 |
        Temple |    230 |    147 |     83 |      0 |    128 |   1 |  230.0 |
         Abyss |    113 |    113 |      0 |      4 |     34 |   1 |  113.0 |
               +--------+--------+--------+--------+--------+-----+--------+

Top non-repeatable levels by time:
     D:9: 2020 daAuts
     D:3: 1477 daAuts
     D:6: 1367 daAuts
    D:11: 1099 daAuts
     D:7: 1086 daAuts
     D:8: 1048 daAuts
    D:10: 1022 daAuts
     D:4: 976 daAuts
     D:2: 947 daAuts
     D:5: 896 daAuts
     D:1: 847 daAuts
  Temple: 230 daAuts
 Abyss:2: 113 daAuts
